 Dungeon Crawl Stone Soup version 0.28.0-53-g5a82cb258f (webtiles) character file.

Game seed: 8523604684876254596

145 Descartes the Sneak (level 5, 0/24 HPs)
             Began as a Felid Wanderer on May 20, 2022.
             Was a Believer of Elyvilon.
             Succumbed to a water moccasin's poison
             ... on level 4 of the Dungeon.
             The game lasted 00:05:10 (3346 turns).

Descartes the Sneak (Felid Wanderer)                Turns: 3346, Time: 00:05:10

Health: 0/24       AC:  1    Str:  9    XL:     5   Next: 6%
Magic:  16/16      EV: 19    Int: 10    God:    Elyvilon [**....]
Gold:   17         SH:  0    Dex: 20    Spells: 4/4 levels left
                                        Lives:  0   Deaths: 1

rFire   . . .      SeeInvis +     - Unarmed
rCold   + . .      Faith    .   (shield unavailable)
rNeg    . . .      Spirit   .   (armour unavailable)
rPois   .          Reflect  .   (helmet unavailable)
rElec   .          Harm     .   (cloak unavailable)
rCorr   .          Rampage  .   (gloves unavailable)
Will    .....                   (boots unavailable)
Stlth   ++++......              (no amulet)
HPRegen 0.08/turn               m - ring of protection from cold
MPRegen 0.15/turn               f - ring of magical power

@: lethally poisoned (0 -> -6), quick
A: very small, claws 1, fangs 3, see invisible, speed 1, shaggy fur 1, stealthy
paws, no weapons or thrown items, no armour, multi-lived
a: Renounce Religion, Purification, Heal Other


You were on level 4 of the Dungeon.
You worshipped Elyvilon.
Elyvilon was pleased with you.
You visited 1 branch of the dungeon, and saw 4 of its levels.

You collected 209 gold pieces.
You spent 192 gold pieces at shops.

Inventory:

Jewellery
 f - a ring of magical power (right paw)
 m - a ring of protection from cold (left paw)
Wands
 b - a wand of polymorph (3) (quivered)
 t - a wand of charming (4)
Scrolls
 c - 3 scrolls of magic mapping
 h - a scroll of brand weapon {unknown}
 l - 2 scrolls of fog
 n - a scroll of enchant weapon {unknown}
 o - a scroll of fear {unknown}
 q - a scroll of holy word {unknown}
 r - 2 scrolls of teleportation
 s - a scroll of silence {unknown}
Potions
 a - 4 potions of lignification
 d - a potion of brilliance {unknown}
 e - a potion of haste {unknown}
 g - 2 potions of cancellation
 i - a potion of resistance
 j - a potion of mutation {unknown}
 k - a potion of magic {unknown}
 p - 3 potions of flight
 u - 2 potions of berserk rage


   Skills:
 - Level 3.0 Fighting
 + Level 3.7 Dodging
 + Level 7.7 Stealth
 * Level 3.0 Unarmed Combat
 + Level 1.5 Invocations
 + Level 2.0 Evocations


You had 4 spell levels left.
You didn't know any spells.
Your spell library contained the following spells:

 Spells                   Type           Power      Damage    Failure   Level
 Ozocubu's Armour         Ice            0%         N/A       75%         3
 Ozocubu's Refrigeration  Ice            0%         4d5       100%        7


Dungeon Overview and Level Annotations

Branches:
Dungeon (4/15)
 Temple: D:4-7

Altars:
Elyvilon

Shops:
D:3 ?


Innate Abilities, Weirdness & Mutations

You have sharp claws.
You have razor-sharp teeth.
You have supernaturally acute eyesight. (SInv)
You cover ground quickly. (Speed+)
You are covered in fur. (AC +1)
Your paws help you pounce on unaware monsters.
You are incapable of wielding weapons or throwing items.
You cannot wear armour.
You gain extra lives every three experience levels.


Message History

The water moccasin misses you.
You barely miss the water moccasin. You claw the water moccasin.
The water moccasin is moderately wounded.
The water moccasin barely misses you.
You closely miss the water moccasin.
The water moccasin is moderately wounded.
The water moccasin closely misses you.
You scratch the water moccasin.
The water moccasin is heavily wounded.
The water moccasin completely misses you. x2
You scratch the water moccasin.
The water moccasin is heavily wounded.
The water moccasin bites you!
You are poisoned.
The water moccasin poisons you!
You miss the water moccasin.
The water moccasin is heavily wounded.
You feel very sick. The water moccasin misses you.
You are too injured to fight recklessly!
You are too injured to fight recklessly!
You are too injured to fight recklessly!
You are too injured to fight recklessly!
You are too injured to fight recklessly!
You are too injured to fight recklessly!
You are too injured to fight recklessly!
You are too injured to fight recklessly!
You are too injured to fight recklessly!
You are too injured to fight recklessly!
You are too injured to fight recklessly!
You are too injured to fight recklessly!
You scratch the water moccasin.
You bite the water moccasin, but do no damage.
The water moccasin is severely wounded.
You feel sick. The water moccasin bites you!
* * * LOW HITPOINT WARNING * * *
The water moccasin misses you.
You miss the water moccasin.
The water moccasin is severely wounded.
You die...

### #.########
#.........
#.######## #.# #.
####### #.# #.
#......########.#
#.
#.....S@........#
#.
#......##########
#. #...... #.
#...... #.
#...... #†
#...... #.
#...... #.
....... #. #.


You could see a water moccasin.

Vanquished Creatures
  An ogre (D:2)
  Jessica (D:3)
  An iguana (D:4)
  2 adders
  2 dart slugs
  4 orcs
  4 ball pythons
  5 bats
  3 endoplasms
  2 giant cockroaches (D:1)
  8 hobgoblins
  3 jackals (D:2)
  3 kobolds
  2 quokkas
  7 frilled lizards
  6 goblins
  3 rats
57 creatures vanquished.

Notes
Turn   | Place    | Note
-------+----------+-------------------------------------------
     0 | D:1      | Descartes the Felid Wanderer began the quest for the Orb.
     0 | D:1      | Descartes set off with the following items: a potion of
                  | lignification, a wand of polymorph (3)
     0 | D:1      | Reached XP level 1. HP: 10/10 MP: 2/2
   125 | D:1      | Reached XP level 2. HP: 14/14 MP: 3/3
   341 | D:1      | Reached skill level 1 in Unarmed Combat
   477 | D:1      | Reached skill level 7 in Stealth
  1037 | D:1      | Reached XP level 3. HP: 17/17 MP: 4/4
  1364 | D:2      | Found a faded altar of an unknown god.
  1658 | D:2      | Prayed at the altar of an unknown god.
  1658 | D:2      | Became a worshipper of Elyvilon the Healer
  1658 | D:2      | Reached * piety under Elyvilon
  2162 | D:2      | Noticed an ogre
  2170 | D:2      | Killed an ogre
  2171 | D:2      | Reached skill level 1 in Invocations
  2171 | D:2      | Reached XP level 4. HP: 21/21 MP: 5/5
  2171 | D:2      | Reached XP level 5. HP: 24/24 MP: 6/6
  2902 | D:3      | Found Losoi's Magic Scroll Shoppe.
  2921 | D:3      | Bought a scroll of identify for 24 gold pieces
  2921 | D:3      | Bought a scroll of teleportation for 36 gold pieces
  2955 | D:3      | Reached ** piety under Elyvilon
  3048 | D:3      | Noticed Jessica
  3058 | D:3      | Killed from afar by Jessica
  3059 | D:3      | Reached XP level 4. HP: -4/21 MP: 14/14
  3184 | D:3      | Killed Jessica
  3239 | D:3      | Bought a scroll of identify for 24 gold pieces
  3239 | D:3      | Bought a scroll of identify for 24 gold pieces
  3239 | D:3      | Bought a scroll of identify for 24 gold pieces
  3239 | D:3      | Bought a scroll of identify for 24 gold pieces
  3239 | D:3      | Bought a scroll of teleportation for 36 gold pieces
  3334 | D:4      | Reached XP level 5. HP: 24/24 MP: 7/7
  3334 | D:4      | Noticed a water moccasin
  3346 | D:4      | Succumbed to a water moccasin's poison

Illustrated notes

Levels and vault maps discovered:
D:1:      minmay_arrival_three_doors, layout_basic, roderic_roman_lattice,
          kennysheep_minor_cross, minmay_misc_feat_x
D:2:      layout_basic, chequers_ecumenical_altar_simple_redux,
          minmay_misc_feat_rugged, lemuel_another_geyser
D:3:      layout_rooms, serial_shops, shop_coins, st_stairs_9, uniq_jessica
D:4:      layout_basic

Skill      XL: |  1  2  3  4 |
---------------+-------------+-----
Dodging        | 2 3 |  3.7
Unarmed Combat | 1 2 3 |  3.0
Stealth        | 7 |  7.7
Invocations    | 1 |  1.5
Evocations     | 2 |  2.0
Fighting       | |  3.0

Action                   |  1- 3 |  4- 6 || total
-------------------------+-------+-------++-------
Melee: Unarmed           |   109 |    55 ||   164
       Bite              |    10 |     5 ||    15
       Punch             |     3 |     1 ||     4
  Use: Scroll            |       |     6 ||     6
 Stab: Sleeping          |    16 |    10 ||    26
Armor: Skin              |     7 |       ||     7
Dodge: Dodged            |    93 |    40 ||   133
